AoeStats
← Pwncakes

Lombardia

509473747Analyzed
4v4 RM · 5d ago on Sep 26, 2026· 12m 50s· 8 players
Game mode
Random Map
Map size
Large (8 player)
Population
200
Speed
Normal
Resources
Standard
Victory
Conquest
Starting age
Dark Age
Ending age
Imperial Age
RankedLock teamsTeams togetherTeam positionsShared explorationLock speedFull tech treeHidden civsTurbo modeCheats
Victory
Defeat
🇹🇷 Saracens · Türkiye
1526
+12
🇹🇷 Berbers · Türkiye
1498
+13
🇹🇷 Hindustanis · Türkiye
1496
+14
🇹🇷 Khmer · Türkiye
1482
+14
🇵🇪 Hindustanis · Peru
1489
-15
🇲🇽 Varangians · Mexico
1437
-13
🇵🇦 Saracens · Panama
1424
-13
🇺🇸 Magyars · United States
1418
-12
El Papá
8:00 Loom
10:10 Feudal Age
10:54 Double-Bit Axe
Xerg
7:25 Loom
9:42 Feudal Age
Pwncakes
9:53 Feudal Age
8:29 Loom
10:48 Double-Bit Axe
12:05 Horse Collar
Manuel24
11:20 Feudal Age
ツfeodALİ
6:37 Loom
9:19 Feudal Age
10:30 Double-Bit Axe
DaRKN'
5:51 Loom
8:06 Feudal Age
Kataklysm
3:27 Loom
9:07 Feudal Age
9:42 Double-Bit Axe
sinx
6:19 Loom
8:41 Feudal Age
9:13 Double-Bit Axe
Connection lost

Rejoining the realm…

Still unreachable

The connection could not be restored.

Session expired

The server has moved on; the page needs a fresh start.